 Dungeon Crawl Stone Soup version 0.21-a0-529-g8c7b3f5 (webtiles) character file.

63 TheDeThijs the Poker (level 4, -2/37 HPs)
             Began as a Merfolk Gladiator on Dec 11, 2017.
             Killed by nerve-wracking pain
             ... invoked by Jessica
              (3 damage)
             ... on level 2 of the Dungeon.
             The game lasted 00:07:27 (1809 turns).

TheDeThijs the Poker (Merfolk Gladiator)            Turns: 1809, Time: 00:07:28

Health: -2/37      AC:  4    Str: 11 (14) XL:     4   Next: 10%
Magic:  4/4        EV: 14    Int:  5 (7)  God:
Gold:   96         SH:  0    Dex: 13 (16) Spells: 3/3 levels left

rFire    . . .     SeeInvis .   a - +0 trident
rCold    . . .     Gourm    .   (no shield)
rNeg     . . .     Faith    .   b - +0 leather armour
rPois    .         Spirit   .   c - +0 helmet
rElec    .         Reflect  .   (no cloak)
rCorr    .         Harm     .   (no gloves)
MR       .....                  (no boots)
Stlth    +.........             (no amulet)
HPRegen  0.12/turn              (no ring)
MPRegen  0.09/turn              (no ring)

@: no status effects
A: change form in water, swift swim, stealthy swim, mutation resistance 1,
robust 1
a: no special abilities


You were on level 2 of the Dungeon.
You were near starving.

You visited 1 branch of the dungeon, and saw 2 of its levels.

You collected 96 gold pieces.

Inventory:

Hand Weapons
 a - a +0 trident (weapon)
Missiles
 d - 3 throwing nets
 m - 27 stones (quivered)
Armour
 b - a +0 leather armour (worn)
 c - a +0 helmet (worn)
 o - a +0 shield
Scrolls
 e - 2 scrolls of teleportation {unknown}
 g - 3 scrolls of identify {unknown}
 h - a scroll of immolation {unknown}
 i - a scroll of random uselessness {unknown}
 j - a scroll of fog {unknown}
 n - a scroll of remove curse {unknown}
Potions
 p - a potion of heal wounds
Comestibles
 f - 2 bread rations
 k - a royal jelly


   Skills:
 + Level 2.4 Fighting
 * Level 6.3 Polearms
 - Level 2.0 Throwing
 + Level 4.7 Dodging


You had 3 spell levels left.
You didn't know any spells.

Dungeon Overview and Level Annotations

Branches:
Dungeon (2/15)

Altars:
Qazlal
Vehumet
Yredelemnul

Annotations:
D:2 Jessica, Natasha, Sigmund, Terence


Innate Abilities, Weirdness & Mutations

You revert to your normal form in water.
You are very nimble and swift while swimming.
You are very stealthy in the water. (Stealth+)
You are somewhat resistant to further mutation.
You are robust. (+10% HP)


Message History

Natasha casts a spell.
Jessica gestures wildly while chanting.
Jessica blinks!
Jessica mumbles some strange words.
Jessica blinks!
The kobold shouts!
Jessica casts a spell.
Jessica seems to speed up.
Jessica casts a spell.
Jessica blinks!
Natasha mumbles some strange words.
There is an open door here.
Natasha stares at you and mumbles some strange words.
The magic dart hits you! Jessica casts a spell at you.
Pain shoots through your body!
* * * LOW HITPOINT WARNING * * *
Jessica gestures at you while chanting. Pain shoots through your body!
You die...

.......'...................>.....
###....##.####.#######.#.........
#....##.####...#...#.#..#......
#..........###.#.#.#.#.........
###....K...'.#.#.#.#.#.#.......
## ##...[@...#.#.#.#'#'#.#..###..
.# #.........#.#..<.........# #..
.# #.......@.#.#............# #..
.# #...5.h..@'..@...........# ###
.# ##........##........[..#.## ##
##5########...........#..####
###.########....####..........
####?.........#....##............
...#..h.......#...(##............
##.#....5.....#..(.##........>...
...#..........##'####............
.###.......w.. #. ###..........


You could see Terence, Natasha and Jessica.

Vanquished Creatures
  A hound zombie (D:2)
  2 adders (D:2)
  A leopard gecko (D:2)
  5 giant cockroaches
  2 hobgoblins
  5 jackals
  5 bats
  A frilled lizard (D:2)
  3 goblins
  3 kobolds (D:2)
  3 rats (D:2)
31 creatures vanquished.

Notes
Turn   | Place    | Note
-------+----------+-------------------------------------------
     0 | D:1      | TheDeThijs the Merfolk Gladiator began the quest for the Orb.
     0 | D:1      | Reached XP level 1. HP: 16/16 MP: 1/1
   339 | D:1      | Reached XP level 2. HP: 22/22 MP: 2/2
   625 | D:1      | Reached skill level 5 in Polearms
   951 | D:2      | Reached XP level 3. HP: 16/28 MP: 3/3
  1187 | D:2      | Noticed Terence
  1188 | D:2      | Noticed Sigmund
  1320 | D:2      | Found a basalt altar of Yredelemnul.
  1324 | D:2      | Found a stormy altar of Qazlal.
  1326 | D:2      | Found a radiant altar of Vehumet.
  1345 | D:2      | Reached skill level 6 in Polearms
  1582 | D:1      | Gained mutation: You are somewhat resistant to further mutation. [potion of mutation]
  1582 | D:1      | Gained mutation: You are robust. (+10% HP) [potion of mutation]
  1765 | D:2      | Reached XP level 4. HP: 25/37 MP: 4/4
  1786 | D:2      | Noticed Jessica
  1792 | D:2      | Noticed Natasha
  1808 | D:2      | HP: 1/37 [Jessica/nerve-wracking pain (13)]
  1809 | D:2      | Killed from afar by Jessica

Vault maps used:
D:1:      eino_arrival_tree_alley, roderic_lattice_a, st_stairs_10,
          minmay_fountain_box
D:2:      grunt_temple_overflow_open, uniq_sigmund, uniq_jessica, uniq_natasha,
          uniq_terence

Skill      XL: |  1  2  3 |
---------------+----------+-----
Polearms       | 5 6 |  6.3
Fighting       | |  2.4
Throwing       | |  2.0
Dodging        | |  4.7

Action                   |  1- 3 |  4- 6 || total
-------------------------+-------+-------++-------
Melee: Trident           |   110 |    11 ||   121
Throw: Stone             |     8 |       ||     8
  Use: Potion            |     4 |       ||     4
 Stab: Sleeping          |     2 |       ||     2
  Eat: Chunk             |     1 |       ||     1
Armor: Leather armour    |    26 |     4 ||    30
Dodge: Dodged            |    59 |     6 ||    65

Table legend:
 A = Spawn XP
 B = Non-spawn XP
 C = Spawn XP percentage of total XP
 D = Spawn monster count
 E = Non-spawn monster count
 F = Spawn count percentage of total count
 G = Total turns spent on level
                    A         B        C        D         E        F      G
               +---------+---------+-------+---------+---------+-------+---------
         Total |       0 |      91 |   0.0 |       0 |      31 |   0.0 |  1809
               +---------+---------+-------+---------+---------+-------+---------
           D:1 |       0 |      16 |   0.0 |       0 |      10 |   0.0 |   835
           D:2 |       0 |      75 |   0.0 |       0 |      21 |   0.0 |   974
               +---------+---------+-------+---------+---------+-------+---------
